 Dungeon Crawl Stone Soup version 0.30-a0-613-gdd512c7efb (webtiles) character file.

Game seed: 1043580229494847673

380 dracfodder the Conjurer (level 6, 0/47 HPs)
             Began as a Draconian Conjurer on Dec 24, 2022.
             Was an Initiate of Vehumet.
             Succumbed to a scorpion's poison
             ... on level 5 of the Dungeon on Jan 8, 2023.
             The game lasted 00:20:49 (5611 turns).

dracfodder the Conjurer (Draconian Conjurer)        Turns: 5611, Time: 00:20:50

Health: 0/47       AC:  7    Str: 10    XL:     6   Next: 46%
Magic:  0/9        EV: 12    Int: 20    God:    Vehumet [......]
Gold:   278        SH:  0    Dex:  9    Spells: 4/10 levels left

rFire   . . .      SeeInvis +    b - +2 spear (freeze)
rCold   . . .      Faith    .    (no shield)
rNeg    . . .      Spirit   .    (body armour unavailable)
rPois   .          Reflect  .    (helmet restricted)
rElec   .          Harm     .    (no cloak)
rCorr   .          Rampage  .    (no gloves)
Will    .....                    m - +0 pair of boots
Stlth   ++                       (no amulet)
HPRegen 0.27/turn                d - ring of see invisible
MPRegen 0.11/turn                (no ring)

@: mighty, lethally poisoned (0 -> -13)
A: AC +6, unfitting armour, cold-blooded
a: Renounce Religion


You were on level 5 of the Dungeon.
You worshipped Vehumet.
Vehumet was noncommittal.
You visited 2 branches of the dungeon, and saw 6 of its levels.

You collected 278 gold pieces.

Inventory:

Hand Weapons
 a - a +2 sling
 b - a +2 spear of freezing (weapon)
Armour
 m - a +0 pair of boots (worn)
Jewellery
 d - a ring of see invisible (left hand)
 f - a ring of fire
Wands
 e - a wand of charming (7)
Scrolls
 l - a scroll of silence
Potions
 c - a potion of resistance
 g - 3 potions of might
 h - 2 potions of curing {unknown}
 i - 2 potions of haste {unknown}
 j - 2 potions of lignification {unknown}
 k - a potion of magic


   Skills:
 + Level 1.3 Fighting
 + Level 3.0 Ranged Weapons
 + Level 2.8 Dodging
 + Level 2.8 Stealth
 + Level 2.6 Spellcasting
 + Level 5.4 Conjurations


You had 4 spell levels left.
You knew the following spells:

 Your Spells              Type           Power      Damage    Failure   Level
a - Magic Dart            Conj           96%        1d7       1%          1
b - Searing Ray           Conj           48%        2d6       2%          2
c - Dazzling Flash        Conj/Hex       26%        N/A       14%         3

Your spell library contained the following spells:

 Spells                   Type           Power      Damage    Failure   Level
 Momentum Strike          Conj/Tloc      26%        3d8       8%          2
 Blink                    Tloc           4%         N/A       22%         2
 Lesser Beckoning         Tloc           4%         N/A       41%         3
 Fulminant Prism          Conj/Hex       6%         3d7       43%         4
 Iskenderun's Mystic Bla  Conj/Tloc      13%        2d5       43%         4
 Freezing Cloud           Conj/Ice/Air   4%         6-21      89%         5
 Simulacrum               Ice/Necr       1%         N/A       100%        6
 Polar Vortex             Ice            1%         N/A       100%        9


Dungeon Overview and Level Annotations

Branches:
Dungeon (5/15)             Temple (1/1) D:5

Altars:
Ashenzari
Cheibriados
Dithmenos
Elyvilon
Fedhas
Gozag
Hepliaklqana
Kikubaaqudgha
Makhleb
Nemelex Xobeh
Okawaru
Qazlal
Ru
Sif Muna
Trog
Uskayaw
Vehumet
Wu Jian
Xom
Zin
The Shining One


Innate Abilities, Weirdness & Mutations

Your plain brown scales are hard. (AC +6)
You cannot fit into any form of body armour.
You are cold-blooded and may be slowed by cold attacks.


Message History

You feel very sick.
The scorpion is no longer blind.
The scorpion misses you. The scorpion stings you.
You are too injured to fight recklessly!
You are too injured to fight recklessly!
You are too injured to fight recklessly!
Casting: Dazzling Flash (dangerous; 14% risk of failure)
Confirm with . or Enter, or press ? or * to list all spells.
You don't have enough magic to cast this spell.
Unknown command.
Casting: Dazzling Flash (dangerous; 14% risk of failure)
Confirm with . or Enter, or press ? or * to list all spells.
Aiming: Magic Dart (safe; 1% risk of failure)
Press: ? - help, Shift-Dir - straight line, f/p - scorpion
Aim: a scorpion (severely wounded, 100% to hit)
The magic dart hits the scorpion.
The scorpion is almost dead.
You feel sick.
The scorpion stings you but does no damage.
Casting: Magic Dart (safe; 1% risk of failure)
Confirm with . or Enter, or press ? or * to list all spells.
Aiming: Magic Dart (safe; 1% risk of failure)
Press: ? - help, Shift-Dir - straight line, f/p - scorpion
Aim: a scorpion (almost dead, 100% to hit)
The magic dart hits the scorpion but does no damage.
The scorpion is almost dead.
You feel sick. The scorpion misses you.
Your +2 spear of freezing glows with a cold blue light!
b - a +2 spear of freezing (weapon)
You feel sick. The scorpion stings you.
* * * LOW HITPOINT WARNING * * *
You feel very mighty all of a sudden.
You feel sick. The scorpion stings you.
* * * LOW HITPOINT WARNING * * *
You are more poisoned.
The scorpion poisons you!
You hit the scorpion. You freeze the scorpion.
You kill the scorpion!
Vehumet accepts your kill.
You die...

#...†.##.##.#.#
#.######.##.#.#
#.######.##.#.#
#...........#.#
####..........#
#..........#
#.........##
#.........#########
#.........@†[......
..#.....#.....$.....
##.####..#...........
.. #..#...........
... ...#...........
## #........?..
############


There were no monsters in sight!

Vanquished Creatures
  An ice beast (D:4)
  A phantom (D:4)
  A scorpion (D:5)
  A jelly (D:4)
  A hound (D:5)
  An iguana (D:4)
  4 gnolls (D:3)
  2 adders
  A worm (D:3)
  A dart slug (D:4)
  10 orcs
  6 ball pythons
  4 bats
  4 endoplasms
  A giant cockroach (D:1)
  3 goblins
  2 hobgoblins (D:2)
  3 jackals (D:2)
  4 quokkas
  3 frilled lizards (D:2)
  7 kobolds
  9 rats
70 creatures vanquished.

Notes
Turn   | Place    | Note
-------+----------+-------------------------------------------
     0 | D:1      | dracfodder the Draconian Conjurer began the quest for the
                  | Orb.
     0 | D:1      | Reached XP level 1. HP: 14/14 MP: 3/3
   216 | D:1      | Found a faded altar of an unknown god.
   422 | D:1      | Reached XP level 2. HP: 20/20 MP: 3/5
  1611 | D:2      | Reached XP level 3. HP: 24/26 MP: 0/6
  1720 | D:2      | Learned a level 2 spell: Searing Ray
  1724 | D:2      | Learned a level 3 spell: Dazzling Flash
  2558 | D:3      | Identified the +10 spear of the Keeping Coward {pain,
                  | Str+2}
  2999 | D:3      | Reached XP level 4. HP: 33/33 MP: 0/7
  3787 | D:4      | Reached skill level 5 in Conjurations
  4151 | D:4      | Reached skill level 1 in Ranged Weapons
  4151 | D:4      | Reached XP level 5. HP: 39/39 MP: 3/8
  4746 | D:4      | Noticed a phantom
  4771 | D:4      | Killed a phantom
  4844 | D:4      | Found a burning altar of Makhleb.
  4872 | D:4      | Upgraded the game from 0.30-a0-528-g8c47a4955b to
                  | 0.30-a0-534-gdc55766716
  4936 | D:5      | Entered Level 5 of the Dungeon
  4936 | D:5      | Found a staircase to the Ecumenical Temple.
  4937 | D:5      | Noticed an ice beast
  5007 | D:5      | Upgraded the game from 0.30-a0-534-gdc55766716 to
                  | 0.30-a0-613-gdd512c7efb
  5012 | D:5      | Noticed an ice beast
  5023 | D:5      | Noticed an ogre
  5038 | D:4      | Killed an ice beast
  5039 | D:4      | Reached skill level 1 in Fighting
  5039 | D:4      | Reached XP level 6. HP: 3/47 MP: 1/9
  5218 | Temple   | Entered the Ecumenical Temple
  5293 | Temple   | Became a worshipper of Vehumet
  5611 | D:5      | Succumbed to a scorpion's poison

Illustrated notes

Levels and vault maps discovered:
D:1:      eino_arrival_water_cross, layout_loops_ring,
          hellmonk_ecumenical_altar_slurped_away
D:2:      layout_loops_corners
D:3:      layout_loops_corners, amethyst_killhole
D:4:      layout_loops_ring, lemuel_doored_altar
D:5:      layout_basic, minmay_temple_entry_butterflies
Temple:   nicolae_temple_bog_church

Skill      XL: |  1  2  3  4  5  6 |
---------------+-------------------+-----
Dodging        | 2 |  2.8
Stealth        | 2 |  2.8
Conjurations   | 5 |  5.4
Ranged Weapons | 1 2 3 |  3.0
Fighting       | 1 |  1.3
Spellcasting   | |  2.6

Action                   |  1- 3 |  4- 6 || total
-------------------------+-------+-------++-------
Melee: Unarmed           |    14 |       ||    14
       Tailslap          |     1 |       ||     1
       Whip              |     3 |       ||     3
       Spear             |       |     1 ||     1
 Fire: Sling             |     5 |    68 ||    73
 Cast: Magic Dart        |    47 |    14 ||    61
       Searing Ray       |     9 |    21 ||    30
       Dazzling Flash    |       |     4 ||     4
  Use: Scroll            |     6 |     4 ||    10
       Potion            |       |     1 ||     1
Armor: Skin              |     9 |    24 ||    33
Dodge: Dodged            |    33 |    39 ||    72

Table legend: (Time is in decaauts)
 A = Elapsed time spent in this place.
 B = Non-inter-level travel time spent in this place.
 C = Inter-level travel time spent in this place.
 D = Time resting spent in this place.
 E = Time spent auto-exploring this place.
 F = Levels seen in this place.
 G = Mean time per level.
                   A        B        C        D        E       F      G
               +--------+--------+--------+--------+--------+-----+--------+
         Total |   5637 |   5464 |    173 |   1616 |   3159 |   6 |  939.5 |
       Dungeon |   5452 |   5293 |    159 |   1616 |   3006 |   5 | 1090.4 |
        Temple |    185 |    171 |     14 |      0 |    153 |   1 |  185.0 |
               +--------+--------+--------+--------+--------+-----+--------+

Top non-repeatable levels by time:
     D:3: 1495 daAuts
     D:4: 1441 daAuts
     D:2: 1234 daAuts
     D:1: 1023 daAuts
     D:5: 256 daAuts
  Temple: 185 daAuts
